 Dungeon Crawl Stone Soup version 0.30-a0-373-gd37427bb62 (webtiles) character file.

Game seed: 8604058107649290575

21 pokeman the Magician (level 2, -1/16 HPs)
             Began as a Deep Elf Hedge Wizard on Nov 23, 2022.
             Slain by Terence
             ... wielding a +0 flail
              (5 damage)
             ... on level 2 of the Dungeon.
             The game lasted 00:01:39 (1592 turns).

pokeman the Magician (Deep Elf Hedge Wizard)        Turns: 1592, Time: 00:01:39

Health: -1/16      AC:  3    Str:  7    XL:     2   Next: 62%
Magic:  9/9        EV: 12    Int: 18    God:
Gold:   99         SH:  0    Dex: 14    Spells: 9/10 levels left

rFire   . . .      SeeInvis .    h - +1 dagger (venom)
rCold   . . .      Faith    .    (no shield)
rNeg    . . .      Spirit   .    b - +0 robe
rPois   .          Reflect  .    c - +0 hat
rElec   .          Harm     .    l - +0 cloak
rCorr   .          Rampage  .    (no gloves)
Will    .....                    (no boots)
Stlth   ++........               (no amulet)
HPRegen 0.22/turn                (no ring)
MPRegen 0.11/turn                (no ring)

@: no status effects
A: no striking features
a: no special abilities


You were on level 2 of the Dungeon.
You visited 1 branch of the dungeon, and saw 2 of its levels.

You collected 99 gold pieces.

Inventory:

Hand Weapons
 h - a +1 dagger of venom (weapon)
Armour
 b - a +0 robe (worn)
 c - a +0 hat (worn)
 j - a +1 ring mail of cold resistance
 l - a +0 cloak (worn)
Scrolls
 f - 2 scrolls of identify {unknown}
 g - a scroll of teleportation {unknown}
 i - 3 scrolls of poison {unknown}
 k - a scroll of immolation {unknown}
Potions
 a - 2 potions of curing {unknown}
 d - a potion of magic
 e - a potion of brilliance {unknown}


   Skills:
 + Level 0.5 Fighting
 + Level 0.5 Armour
 - Level 2.4 Dodging
 - Level 2.4 Stealth
 * Level 4.9 Spellcasting
 + Level 1.5 Conjurations
 - Level 1.1 Summonings
 - Level 1.1 Translocations


You had 9 spell levels left.
You knew the following spells:

 Your Spells              Type           Power      Damage    Failure   Level
a - Magic Dart            Conj           40%        1d5       7%          1

Your spell library contained the following spells:

 Spells                   Type           Power      Damage    Failure   Level
 Momentum Strike          Conj/Tloc      18%        3d8       12%         2
 Blink                    Tloc           16%        N/A       13%         2
 Call Imp                 Summ           8%         N/A       13%         2
 Slow                     Hex            16%        N/A       14%         1
 Cigotuvi's Dreadful Rot  Necr/Pois/Air  8%         N/A       21%         2
 Lesser Beckoning         Tloc           16%        N/A       26%         3
 Mephitic Cloud           Conj/Pois/Air  6%         N/A       32%         3


Dungeon Overview and Level Annotations

Branches:
Dungeon (2/15)

Altars:

Annotations:
D:2 Terence


Message History

a - 2 ruby potions (gained 1)
You enter the shallow water.
Moving in this stuff is going to be slow.
You now have 81 gold pieces (gained 9).
You see here a +0 chain mail.
You open the door.
There is an open door here.
Found a stone staircase leading up.
Found 6 stones.
You see here 6 stones.
k - a scroll labelled QOMOHY RUJEUCS You now have 92 gold pieces (gained 11).
You open the door.
There is an open door here.
You now have 99 gold pieces (gained 7).
Found a cloak.
You see here a +0 cloak.
l - a +0 cloak You start putting on your armour.
You continue putting on your +0 cloak. x4
You finish putting on your +0 cloak.
Terence the Incautious comes into view.
He is wielding a +0 flail.
Terence shouts!
Press: ? - help, v - describe, . - travel
Here: Terence, wielding a +0 flail and wearing a +0 scale mail The floor.
Unknown command.
Unknown command.
You hit Terence but do no damage.
Terence is poisoned.
Terence closely misses you.
You hit Terence.
Terence looks as sick as possible!
Terence is lightly wounded.
Terence hits you with a +0 flail. Terence attacks as you move away!
Terence hits you with a +0 flail!
Ouch! That really hurt!
* * * LOW HITPOINT WARNING * * *
You hit Terence but do no damage.
Terence looks as sick as possible!
Terence is severely wounded.
Terence closely misses you. Terence attacks as you move away!
Terence hits you with a +0 flail.
You die...

#######'#.♣.♣.♣#♣#.#
#.#..........# ...#
#.##♣#♣#♣#♣..# ..#
#.##.# #.#.#.# ..#
#.##.# #.#.#.# ..#
#.##.###.#.#.# #.#
#.##.....#.#.# #.#
#.#####.<#.#.# #.#
#@# #.##.#.# #@#
#@#####....#.# #.#
#.#........#.# #.#
#.#.######.#.# #.#
#.#.#......#.# #.#
#.#.#.######.#
#.###########.#.#.#
#.#
#.............#...#
#.#####
#.#############.###
#......


You could see Terence (extremely poisoned).

Vanquished Creatures
  An endoplasm (D:1)
  2 goblins (D:1)
  3 hobgoblins
  3 kobolds
  A quokka (D:1)
  4 ball pythons (D:1)
  2 bats (D:1)
  4 rats (D:1)
20 creatures vanquished.

Notes
Turn   | Place    | Note
-------+----------+-------------------------------------------
     0 | D:1      | pokeman the Deep Elf Hedge Wizard began the quest for the
                  | Orb.
     0 | D:1      | Reached XP level 1. HP: 10/10 MP: 7/7
   456 | D:1      | Reached XP level 2. HP: 15/15 MP: 6/9
   868 | D:1      | Found a faded altar of an unknown god.
  1560 | D:2      | Noticed Terence
  1592 | D:2      | Slain by Terence

Illustrated notes

Levels and vault maps discovered:
D:1:      sevenhm_arrival_forest_fort_large_4, layout_basic,
          nicolae_ecumenical_snake_handling, st_stairs_3
D:2:      layout_basic, serial_forest, infiniplex_forest_pool,
          infiniplex_forest_straight_4, infiniplex_forest_zigzag_2,
          infiniplex_forest_lined_2, infiniplex_forest_side_room,
          infiniplex_forest_clump_double, infiniplex_forest_corner_1,
          infiniplex_forest_lined_ring, infiniplex_forest_clump_long,
          basic_altar, uniq_jessica, uniq_terence

Action                   || total
-------------------------++-------
Melee: Dagger            ||     9
 Cast: Magic Dart        ||    36
Armor: Robe              ||     1
Dodge: Dodged            ||    10

Table legend: (Time is in decaauts)
 A = Elapsed time spent in this place.
 B = Non-inter-level travel time spent in this place.
 C = Inter-level travel time spent in this place.
 D = Time resting spent in this place.
 E = Time spent auto-exploring this place.
 F = Levels seen in this place.
 G = Mean time per level.
                   A        B        C        D        E       F      G
               +--------+--------+--------+--------+--------+-----+--------+
         Total |   1593 |   1527 |     66 |      0 |   1376 |   2 |  796.5 |
       Dungeon |   1593 |   1527 |     66 |      0 |   1376 |   2 |  796.5 |
               +--------+--------+--------+--------+--------+-----+--------+

Top non-repeatable levels by time:
     D:1: 1202 daAuts
     D:2: 390 daAuts
